 Dungeon Crawl Stone Soup version 0.21-a0-513-gdcb3f5e (webtiles) character file.

19 DogShitOnMyToe the Ruffian (level 2, 0/23 HPs)
             Began as a Draconian Transmuter on Dec 1, 2017.
             Slain by a jackal (1 damage)
             ... on level 2 of the Dungeon.
             The game lasted 00:01:26 (521 turns).

DogShitOnMyToe the Ruffian (Draconian Transmuter)    Turns: 521, Time: 00:01:26

Health: 0/23       AC:  4    Str: 12    XL:     2   Next: 55%
Magic:  4/5        EV: 12    Int: 13    God:
Gold:   6          SH:  0    Dex: 11    Spells: 4/5 levels left

rFire    . . .     SeeInvis .     - Unarmed
rCold    . . .     Gourm    .   (no shield)
rNeg     . . .     Faith    .   (armour unavailable)
rPois    .         Spirit   .   (helmet restricted)
rElec    .         Reflect  .   (no cloak)
rCorr    .         Harm     .   (no gloves)
MR       .....                  (boots currently unavailable)
Stlth    +.........             (no amulet)
HPRegen  0.07/turn              (no ring)
MPRegen  0.09/turn              (no ring)

@: appendage
A: unfitting armour, talons 3, cold-blooded, AC +4
a: End Transformation


You were on level 2 of the Dungeon.
You were not hungry.
You had grown temporary talons.
You visited 1 branch of the dungeon, and saw 2 of its levels.

You collected 6 gold pieces.

Inventory:

Missiles
 a - 12 arrows
 f - 16 stones (quivered)
Scrolls
 e - a scroll of enchant weapon {unknown}
Potions
 g - 2 potions of degeneration {unknown}
Books
 b - a book of Changes

   Spells                             Type                      Level
   a - Beastly Appendage              Transmutation                1
   b - Sticks to Snakes               Transmutation                2
   c - Spider Form                    Transmutation/Poison         3
   d - Ice Form                       Ice/Transmutation            4
   e - Blade Hands                    Transmutation                5
Comestibles
 c - a bread ration
 d - 6 chunks of flesh


   Skills:
 - Level 1.1 Fighting
 - Level 1.7 Dodging
 + Level 3.5 Unarmed Combat
 - Level 2.0 Spellcasting
 + Level 2.6 Transmutations


You had 4 spell levels left.
You knew the following spells:

 Your Spells              Type           Power        Failure   Level  Hunger
a - Beastly Appendage     Tmut           #.....       9%          1    ##.....


Dungeon Overview and Level Annotations

Branches:
Dungeon (2/15)

Altars:


Innate Abilities, Weirdness & Mutations

Your plain brown scales are hard. (AC +4)
You cannot fit into any form of body armour.
You are cold-blooded and may be slowed by cold attacks.
You have claws for feet.


Message History

The ball python skeleton grabs you.
* * * LOW HITPOINT WARNING * * *
The ball python skeleton constricts you.
You hit the ball python skeleton.
The ball python skeleton is heavily damaged.
Your horns disappear.
The ball python skeleton barely misses you.
The ball python skeleton constricts you.
You hit the ball python skeleton.
You destroy the ball python skeleton!
The jackal barely misses you.
Casting: Beastly Appendage
Confirm with . or Enter, or press ? or * to list all spells.
Your feet morph into talons.
The jackal bites you but does no damage.
The jackal bites you.
* * * LOW HITPOINT WARNING * * *
You barely miss the jackal.
Your tail-slap misses the jackal.
The jackal bites you.
You die...

### ...
#.# ...#
#.# ...#
#.# .8...
#.# ....
#@#...
#h#.###
#s....#.#
#<.......
#...#.#.#
#.#...#
#.....#
#.##.##
... ..


You could see a jackal and a giant cockroach.

Vanquished Creatures
  3 bats
  2 giant cockroaches (D:1)
  2 goblins (D:1)
  3 hobgoblins (D:1)
  3 jackals
  A ball python skeleton (D:2)
  A frilled lizard (D:1)
  A kobold (D:2)
16 creatures vanquished.

Notes
Turn   | Place    | Note
-------+----------+-------------------------------------------
     0 | D:1      | DogShitOnMyToe the Draconian Transmuter began the quest for the Orb.
     0 | D:1      | Reached XP level 1. HP: 16/16 MP: 3/3
   301 | D:1      | Reached XP level 2. HP: 21/23 MP: 3/5
   507 | D:2      | HP: 11/23 [jackal (1)]
   512 | D:2      | HP: 5/23 [giant cockroach (1)]
   520 | D:2      | HP: 1/23 [jackal (2)]
   521 | D:2      | Slain by a jackal

Vault maps used:
D:1:      giann_wishing_wells
D:2:      serial_undead, serial_undead_b, serial_undead_c, serial_undead_c,
          serial_undead_d, serial_undead_d, serial_undead_f

Action                   || total
-------------------------++-------
Melee: Unarmed           ||    52
       Kick              ||     9
       Tailslap          ||     6
       Punch             ||     1
       Headbutt          ||     1
 Cast: Beastly Appendage ||     8
Armor: Skin              ||    31
Dodge: Dodged            ||    51

Table legend:
 A = Spawn XP
 B = Non-spawn XP
 C = Spawn XP percentage of total XP
 D = Spawn monster count
 E = Non-spawn monster count
 F = Spawn count percentage of total count
 G = Total turns spent on level
                    A         B        C        D         E        F      G
               +---------+---------+-------+---------+---------+-------+---------
         Total |       0 |      28 |   0.0 |       0 |      16 |   0.0 |   521
               +---------+---------+-------+---------+---------+-------+---------
           D:1 |       0 |      22 |   0.0 |       0 |      12 |   0.0 |   501
           D:2 |       0 |       6 |   0.0 |       0 |       4 |   0.0 |    20
               +---------+---------+-------+---------+---------+-------+---------
